 Dungeon Crawl Stone Soup version 0.26.1-11-gd32895ea62 (webtiles) character file.

Game seed: 11368674772956742037

345 raph the Spear-Bearer (level 6, 0/44 HPs)
             Began as a Merfolk Gladiator on June 27, 2021.
             Killed from afar by an orc wizard (2 damage)
             ... with a magic dart
             ... on level 4 of the Dungeon.
             The game lasted 00:05:33 (3882 turns).

raph the Spear-Bearer (Merfolk Gladiator)           Turns: 3882, Time: 00:05:33

Health: 0/44       AC:  5    Str: 11 (14) XL:     6   Next: 58%
Magic:  6/6        EV: 13    Int:  6 (8)  God:
Gold:   185        SH:  0    Dex: 14 (17) Spells: 5/5 levels left

rFire    + . .     SeeInvis .   a - +0 trident
rCold    + . .     Faith    .   (no shield)
rNeg     . . .     Spirit   .   b - +0 leather armour
rPois    +         Reflect  .   c - +0 helmet
rElec    +         Harm     .   s - +0 cloak
rCorr    +         Rampage  .   (no gloves)
Will     .....                  (no boots)
Stlth    +.........             k - amulet of magic regeneration
HPRegen  0.14/turn              (no ring)
MPRegen  0.35/turn              (no ring)

@: brilliant, resistant, flying
A: change form in water, swift swim, stealthy swim
a: no special abilities


You were on level 4 of the Dungeon.
You visited 1 branch of the dungeon, and saw 4 of its levels.

You collected 185 gold pieces.

Inventory:

Hand Weapons
 a - a +0 trident (weapon)
Missiles
 d - 3 throwing nets (quivered)
 n - 7 boomerangs
 t - 47 poisoned darts
Armour
 b - a +0 leather armour (worn)
 c - a +0 helmet (worn)
 s - a +0 cloak (worn)
Jewellery
 k - an amulet of magic regeneration (around neck)
 w - an uncursed ring of protection from cold {unknown}
Scrolls
 e - 6 scrolls of identify {unknown}
 f - a scroll of fog {unknown}
 g - a scroll of enchant armour {unknown}
 h - 4 scrolls of immolation {unknown}
 i - 2 scrolls of noise {unknown}
 l - 2 scrolls of teleportation {unknown}
 p - a scroll of random uselessness {unknown}
 q - 4 scrolls of amnesia {unknown}
 u - a scroll of remove curse {unknown}
Potions
 m - 2 potions of flight


   Skills:
 - Level 2.1 Fighting
 + Level 10.2 Polearms
 - Level 2.0 Throwing
 - Level 4.0 Dodging


You had 5 spell levels left.
You didn't know any spells.
Your spell library was empty.

Dungeon Overview and Level Annotations

Branches:
Dungeon (4/15)
 Temple: D:4-7

Altars:
Ru
Uskayaw


Message History

* * * LOW HITPOINT WARNING * * *
You hit something but do no damage. Something hits you.
* * * LOW HITPOINT WARNING * * *
You closely miss something. Something hits you.
* * * LOW HITPOINT WARNING * * *
You miss something.
Something hits you but does no damage. x2
You barely miss something. Something hits you but does no damage.
You puncture something!
Okay, then.
You barely miss something. Something hits you but does no damage.
You hit something. Something hits you but does no damage.
You closely miss something.
Something hits you but does no damage. x2
You hit something but do no damage.
You hear some strange, mumbled words.
A puff of frost appears from out of thin air!
The puff of frost hits you. You resist.
* * * LOW HITPOINT WARNING * * *
A magic dart appears from out of thin air!
The magic dart hits you.
You die...

#.###.###
#.......#
#........
#...$.#.##
.........
#....#..#
#.#....o# #@#
#.#.# #.###.#.#
#+# #.{.oo..# #.#
#####.### #.# #.#
##.## #.#
##...#### #.#
#.......# #.#
#.......#######.#


There were no monsters in sight!

Vanquished Creatures
  2 centaur skeletons (D:4)
  An orc priest (D:4)
  4 orc wizards
  A worker ant (D:3)
  4 adders
  An ooze (D:2)
  4 worms
  A dart slug (D:2)
  A leopard gecko (D:1)
  5 orcs
  10 giant cockroaches
  5 goblins
  2 hobgoblins
  3 quokkas
  2 ball pythons
  8 bats
  3 frilled lizards
  11 kobolds
  6 rats
74 creatures vanquished.

Notes
Turn   | Place    | Note
-------+----------+-------------------------------------------
     0 | D:1      | raph the Merfolk Gladiator began the quest for the Orb.
     0 | D:1      | Reached XP level 1. HP: 16/16 MP: 1/1
   201 | D:1      | Reached skill level 5 in Polearms
   211 | D:1      | Reached XP level 2. HP: 22/22 MP: 2/2
   694 | D:2      | Reached skill level 6 in Polearms
   694 | D:2      | Reached XP level 3. HP: 22/27 MP: 3/3
  1341 | D:2      | Found a sacrificial altar of Ru.
  1341 | D:2      | Found a hide-covered altar of Uskayaw.
  1461 | D:2      | Reached skill level 7 in Polearms
  1461 | D:2      | Reached XP level 4. HP: 33/33 MP: 4/4
  2576 | D:3      | Reached skill level 8 in Polearms
  2584 | D:3      | Reached XP level 5. HP: 36/38 MP: 5/5
  3103 | D:3      | Reached skill level 9 in Polearms
  3415 | D:3      | Reached XP level 6. HP: 34/44 MP: 6/6
  3854 | D:4      | Reached skill level 10 in Polearms
  3879 | D:4      | HP: 1/44 [something/puff of frost (3)]
  3882 | D:4      | Killed from afar by an orc wizard

Illustrated notes

Levels and vault maps discovered:
D:1:      lightli_arrival_lavapool, layout_basic, minmay_misc_feat_diagonals
D:2:      minmay_roachtagon, layout_loops_ring,
          gammafunk_temple_overflow_elements
D:3:      layout_loops_ring
D:4:      layout_loops_corners, nicolae_gozag_cash_rules_everything_around_me,
          due_unseen_surprise, uniq_sigmund, uniq_duvessa

Skill      XL: |  1  2  3  4  5  6 |
---------------+-------------------+-----
Polearms       | 5 6 7 8 9 10 | 10.2
Fighting       | |  2.1
Throwing       | |  2.0
Dodging        | |  4.0

Action                   |  1- 3 |  4- 6 || total
-------------------------+-------+-------++-------
Melee: Trident           |   106 |   162 ||   268
  Use: Potion            |       |     5 ||     5
 Stab: Sleeping          |     4 |     3 ||     7
Armor: Leather armour    |    14 |    35 ||    49
Dodge: Dodged            |    64 |    98 ||   162
